 Dungeon Crawl Stone Soup version 0.29.1-12-g30fa7ad0bf (webtiles) character file.

Game seed: 10156887874363033939

5322 cheesebisquit the Basher (level 10, -3/93 HPs)
             Began as a Minotaur Berserker on Dec 23, 2022.
             Was a Priest of Trog.
             Slain by a manticore (14 damage)
             ... on level 8 of the Dungeon.
             The game lasted 00:29:44 (6166 turns).

cheesebisquit the Basher (Minotaur Berserker)       Turns: 6166, Time: 00:29:45

Health: -3/93      AC: 18    Str: 27    XL:     10   Next: 38%
Magic:  9/9        EV: 11    Int:  4    God:    Trog [***...]
Gold:   302        SH: 11    Dex:  9    Spells: 9/9 levels left

rFire   + . .      SeeInvis .   V - +0 morningstar
rCold   + . .      Faith    .   N - +0 kite shield
rNeg    . . .      Spirit   .   f - +4 ring mail
rPois   +          Reflect  +   (helmet restricted)
rElec   +          Harm     .   M - +1 cloak
rCorr   +          Rampage  .   F - +2 pair of gloves
Will    ++...                   d - +0 pair of boots
Stlth   ..........              p - amulet of reflection
HPRegen 1.25/turn               y - +4 ring of slaying
MPRegen 0.11/turn               (no ring)

@: resistant, strong-willed (expiring), on berserk cooldown, regenerating
(expiring), slowed, very slow
A: horns 2, retaliatory headbutt
a: Renounce Religion, Berserk, Trog's Hand


You were on level 8 of the Dungeon.
You worshipped Trog.
Trog was most pleased with you.
You visited 1 branch of the dungeon, and saw 8 of its levels.

You collected 410 gold pieces.
You spent 108 gold pieces at shops.

Inventory:

Hand Weapons
 a - a +0 mace
 b - a +0 sling
 c - a +0 antimagic mace
 k - a +2 flail
 P - a +1 vorpal mace
 V - a +0 morningstar (weapon)
Missiles
 n - 50 stones
 r - 24 poisoned darts (quivered)
 J - 2 throwing nets
Armour
 d - a +0 pair of boots (worn)
 f - a +4 ring mail (worn)
 g - a +0 chain mail
 j - a +0 animal skin
 l - a +0 scale mail
 x - a +0 pair of gloves
 D - a +0 buckler
 F - a +2 pair of gloves (worn)
 K - a +0 cloak of poison resistance
 M - a +1 cloak (worn)
 N - a +0 kite shield (worn)
 S - a +0 chain mail
Jewellery
 p - an amulet of reflection (around neck)
 y - a +4 ring of slaying (left hand)
 T - an amulet of regeneration
 W - an amulet of regeneration
 X - a ring of see invisible
Wands
 I - a wand of flame (35)
Scrolls
 e - a scroll of magic mapping
 i - a scroll of acquirement {unknown}
 o - 5 scrolls of teleportation
 t - 2 scrolls of vulnerability {unknown}
 v - a scroll of fog
 A - a scroll of immolation {unknown}
 B - a scroll of poison
 H - a scroll of amnesia {unknown}
 L - a scroll of fear {unknown}
 Q - 4 scrolls of identify
 U - a scroll of enchant armour {unknown}
Potions
 q - a potion of lignification
 s - 3 potions of berserk rage
 u - 2 potions of attraction
 w - a potion of might
 z - 2 potions of haste {unknown}
 C - 2 potions of invisibility
 E - a potion of cancellation {unknown}
 G - 5 potions of curing {unknown}
 O - 2 potions of mutation {unknown}
 R - 2 potions of brilliance {unknown}


   Skills:
 + Level 10.0 Fighting
 + Level 10.0 Maces & Flails
 + Level 9.6 Armour
 + Level 8.8 Dodging


You had 9 spell levels left.
You didn't know any spells.
Your spell library was empty.

Dungeon Overview and Level Annotations

Branches:
Dungeon (8/15)             Temple (0/1) D:7
   Lair: D:8-11

Altars:
Elyvilon
Fedhas
Gozag
Nemelex Xobeh
Sif Muna
Trog
Uskayaw

Shops:
D:5 [   D:6 :


Innate Abilities, Weirdness & Mutations

You have a pair of horns on your head.
You reflexively headbutt those who attack you in melee.


Message History

You miss the deep elf pyromancer. You headbutt the deep elf pyromancer!
The deep elf pyromancer is almost dead.
The manticore bites you but does no damage.
You block the manticore's attack. x2
The deep elf pyromancer barely misses you.
The manticore bites you!
* * * LOW HITPOINT WARNING * * *
The manticore claws you but does no damage.
The manticore claws you!
* * * LOW HITPOINT WARNING * * *
The deep elf pyromancer hits you with a +0 long sword.
* * * LOW HITPOINT WARNING * * *
You closely miss the deep elf pyromancer.
You headbutt the deep elf pyromancer.
You kill the deep elf pyromancer!
Trog accepts your kill.
Trog appreciates your killing of a magic user.
You feel the effects of Trog's Hand fading.
The manticore bites you but does no damage.
You block the manticore's attack. The manticore claws you!
* * * LOW HITPOINT WARNING * * *
You block the manticore's attack.
The manticore claws you but does no damage.
You block the manticore's attack. The black bear bites you.
* * * LOW HITPOINT WARNING * * *
The black bear claws you but does no damage.
You block the black bear's attack.
Your Fighting skill increases to level 10!
Your Maces & Flails skill increases to level 10!
You puncture the manticore!
The manticore is moderately wounded.
The black bear closely misses you. x2
The black bear claws you but does no damage.
The manticore completely misses you. You furiously retaliate!
You headbutt the manticore.
The manticore claws you but does no damage.
You block the manticore's attack. You block the black bear's attack.
The black bear misses you. The black bear barely misses you.
The manticore bites you!
You die...

#. . ###.### ..
##.....## ..
#.......## #.
##.........## #
#.##..##....# .#.#
#..#H##...###..#.#
#.h@))..........#
#.#.####))###.# #
.. #......).#..#.#
#. ##....##...##.#
.. ##...##..##$.#
.# ##.)...##..#
#..###.###..#
#.........##
#######....##


You could see a manticore and a black bear.

Vanquished Creatures
  Erica (D:8)
  A two-headed ogre (D:8)
  A deep elf pyromancer (D:8)
  A troll (D:8)
  A slime creature (D:8)
  A wraith (D:8)
  Menkaure (D:7)
  A water moccasin (D:5)
  An ice beast (D:7)
  A sky beast (D:6)
  4 black bears
  An orc warrior (D:8)
  2 ogres
  A centaur (D:5)
  A kobold brigand (D:6)
  6 bullfrogs
  A gnoll sergeant (D:8)
  4 scorpions
  4 wights
  2 jellies
  Crazy Yiuf (D:4)
  2 gnoll boudas
  An orc priest (D:5)
  2 hounds
  5 iguanas
  8 orc wizards
  14 gnolls
  5 adders
  A shadow imp (D:7)
  A white imp (D:5)
  24 orcs
  5 bats
  5 endoplasms
  4 giant cockroaches
  7 goblins
  4 hobgoblins
  10 kobolds
  3 quokkas
  6 ball pythons
  10 frilled lizards
  5 rats
159 creatures vanquished.

Vanquished Creatures (others)
  An unseen horror (D:8)
  An orc wizard (D:6)
  2 orcs (D:4)
  6 plants (D:3)
10 creatures vanquished.

Grand Total: 169 creatures vanquished

Notes
Turn   | Place    | Note
-------+----------+-------------------------------------------
     0 | D:1      | cheesebisquit the Minotaur Berserker began the quest for
                  | the Orb.
     0 | D:1      | Reached XP level 1. HP: 19/19 MP: 0/0
   266 | D:1      | Reached XP level 2. HP: 25/27 MP: 1/1
   646 | D:2      | Found a faded altar of an unknown god.
   889 | D:2      | Reached XP level 3. HP: 33/33 MP: 2/2
  1182 | D:3      | Reached ** piety under Trog
  1216 | D:3      | Found a blossoming altar of Fedhas.
  1333 | D:3      | Identified the +1 leather armour of the Accordion {Rampage
                  | rElec}
  1584 | D:3      | Found an opulent altar of Gozag.
  1674 | D:3      | Found a hide-covered altar of Uskayaw.
  1839 | D:4      | Reached XP level 4. HP: 34/40 MP: 3/3
  1903 | D:4      | Noticed a scorpion
  1912 | D:4      | Killed a scorpion
  1950 | D:4      | Found a white marble altar of Elyvilon.
  1964 | D:4      | Reached XP level 5. HP: 44/47 MP: 4/4
  2253 | D:4      | Reached skill level 5 in Fighting
  2253 | D:4      | Reached skill level 5 in Maces & Flails
  2300 | D:4      | Reached XP level 6. HP: 35/56 MP: 5/5
  2439 | D:4      | Found a runed translucent door.
  2440 | D:4      | Noticed Crazy Yiuf
  2646 | D:4      | Killed Crazy Yiuf
  2708 | D:5      | Entered Level 5 of the Dungeon
  2717 | D:5      | Noticed a water moccasin
  2724 | D:5      | Killed a water moccasin
  2739 | D:5      | Reached skill level 5 in Armour
  3123 | D:5      | Reached XP level 7. HP: 56/62 MP: 6/6
  3666 | D:5      | Reached skill level 5 in Dodging
  3956 | D:5      | Found Lonamp's Antique Armour Boutique.
  3964 | D:5      | Bought a kite shield for 108 gold pieces
  4291 | D:6      | Reached XP level 8. HP: 57/71 MP: 7/7
  4566 | D:6      | Identified the +1 leather armour of Lustrapu {Will+ Int+3}
  4958 | D:6      | Found a shimmering blue altar of Sif Muna.
  5002 | D:6      | Found Heth's Book Boutique.
  5084 | D:7      | Found a staircase to the Ecumenical Temple.
  5154 | D:7      | Reached XP level 9. HP: 81/81 MP: 8/8
  5160 | D:7      | Reached *** piety under Trog
  5358 | D:7      | Found a bloodstained altar of Trog.
  5431 | D:7      | Found a sparkling altar of Nemelex Xobeh.
  5848 | D:7      | Noticed Menkaure
  5852 | D:7      | Killed Menkaure
  5967 | D:8      | Noticed a troll
  5977 | D:8      | Killed a troll
  6080 | D:8      | Noticed a two-headed ogre
  6089 | D:8      | Killed a two-headed ogre
  6133 | D:8      | Noticed a deep elf pyromancer
  6137 | D:8      | Noticed Erica
  6142 | D:8      | Reached XP level 10. HP: 57/91 MP: 9/9
  6147 | D:8      | Noticed a manticore
  6157 | D:8      | Killed Erica
  6160 | D:8      | HP: 2/93 [manticore (9)]
  6165 | D:8      | Killed a deep elf pyromancer
  6166 | D:8      | Reached skill level 10 in Fighting
  6166 | D:8      | Reached skill level 10 in Maces & Flails
  6166 | D:8      | Slain by a manticore

Illustrated notes

Levels and vault maps discovered:
D:1:      ncdulo_halloftheorcs, layout_rooms, dreamdust_mushroom_princess
D:2:      layout_basic, hellmonk_ecumenical_altar_inner_sanctum, eino_curves_04,
          minmay_misc_feat_encased
D:3:      layout_rooms, mainiacjoe_overflow_small_starburst,
          eat_drink_and_be_merry_uskayaw, mainiacjoe_overflow_alcove_1,
          minmay_lizard_king
D:4:      layout_gridville, elyvilon_altar_4, corexii_mini_fake_secret_closet,
          uniq_crazy_yiuf_cottage
D:5:      layout_basic, serial_shops, shop
D:6:      layout_rooms, nicolae_sif_muna_condensation, serial_shops,
          nicolae_take_the_stairs
D:7:      layout_loops_ring, trog_ov_bears_minmay, mainiacjoe_overflow_paths,
          temple_fountains, eino_tiny_chamber, uniq_menkaure
D:8:      minmay_the_grid_octo_tiled_octocenter
          [minmay_the_grid_octo_tetromino_candy,
          minmay_the_grid_octo_fan_narrow, minmay_the_grid_octo_fat_diamond,
          minmay_the_grid_octo_toaster, minmay_the_grid_octo_prize_star,
          minmay_the_grid_square_5x5_v, minmay_the_grid_square_5x5_slash,
          minmay_the_grid_square_5x5_tetrominoes,
          minmay_the_grid_square_5x5_shuriken], layout_basic,
          nicolae_ashenzari_panopticon, mainiacjoe_overflow_alcove_2,
          mainiacjoe_overflow_surrounded_room,
          lemuel_mausoleum_altar_yredelemnul, old_standard_altar, minivault_12,
          uniq_erica

Skill      XL: |  1  2  3  4  5  6  7  8  9 10 |
---------------+-------------------------------+-----
Fighting       | 4 5 6 7 9 10 | 10.0
Maces & Flails | 4 5 6 7 9 10 | 10.0
Armour         | 3 4 5 6 7 9 |  9.6
Dodging        | 3 4 5 6 8 |  8.8

Action                   |  1- 3 |  4- 6 |  7- 9 | 10-12 || total
-------------------------+-------+-------+-------+-------++-------
Melee: Mace              |    19 |       |       |       ||    19
       Headbutt          |    11 |    11 |    44 |     7 ||    73
       Flail             |    72 |    66 |   160 |       ||   298
       Punch             |     1 |       |       |       ||     1
       Morningstar       |       |       |    75 |    20 ||    95
Invok: Trog's Hand       |       |     3 |     6 |     1 ||    10
       Berserk           |       |     3 |    10 |     1 ||    14
  Use: Scroll            |     8 |     2 |     2 |       ||    12
       Potion            |       |       |       |     3 ||     3
Armor: Ring mail         |    41 |    28 |   136 |    25 ||   230
       Animal skin       |     1 |       |       |       ||     1
Dodge: Dodged            |    51 |    34 |   103 |    18 ||   206
Block: Other             |    15 |     6 |       |       ||    21
       Reflection        |     2 |     2 |     4 |       ||     8
       Buckler           |       |    21 |    15 |       ||    36
       Kite shield       |       |       |   136 |    17 ||   153
